 Dungeon Crawl Stone Soup version 0.21.1-1-g345015f (webtiles) character file.

3824 catbreads the Martial Artist (level 10, 0/69 HPs)
             Began as an Octopode Monk on May 24, 2018.
             Was a Priest of Cheibriados.
             Killed from afar by an orc wizard (6 damage)
             ... with a magic dart
             ... on level 8 of the Dungeon.
             The game lasted 00:23:16 (8822 turns).

catbreads the Martial Artist (Octopode Monk)        Turns: 8822, Time: 00:23:17

Health: 0/69       AC:  1    Str: 19    XL:     10   Next: 17%
Magic:  12/13      EV: 19    Int: 21    God:    Cheibriados [***...]
Gold:   321        SH:  0    Dex: 22    Spells: 10/11 levels left

rFire    . . .     SeeInvis .     - Unarmed
rCold    + . .     Gourm    .   (no shield)
rNeg     . . .     Faith    .   (helmet restricted)
rPois    +         Spirit   .   (no amulet)
rElec    .         Reflect  .   b - +5 ring of slaying
rCorr    .         Harm     .   l - ring of protection from cold
MR       .....                  q - ring of poison resistance
Stlth    +++++.....             (no ring)
HPRegen  0.21/turn              (no ring)
MPRegen  0.13/turn              (no ring)
                                (no ring)
                                (no ring)

@: very slow
A: almost no armour, stealthy swim, amphibious, 8 rings, constrict 8, camouflage
1, gelatinous body 1
a: Bend Time, Temporal Distortion, Renounce Religion


You were on level 8 of the Dungeon.
You worshipped Cheibriados.
Cheibriados was most pleased with you.
You were hungry.

You visited 2 branches of the dungeon, and saw 9 of its levels.

You collected 321 gold pieces.

Inventory:

Missiles
 k - 12 tomahawks (quivered)
Armour
 f - a +0 buckler
Jewellery
 b - a +5 ring of slaying (left tentacle)
 i - an uncursed ring of ice
 l - a ring of protection from cold (right tentacle)
 q - a ring of poison resistance (on tentacle)
Wands
 c - a wand of paralysis (8)
 o - a wand of flame (20)
Scrolls
 g - 4 scrolls of identify
 n - 2 scrolls of remove curse
Potions
 d - a potion of cancellation {unknown}
 e - 2 potions of might
 j - 4 potions of flight
 m - 4 potions of brilliance
Books
 h - a book of Misfortune

   Spells                             Type                      Level
   a - Confusing Touch                Hexes                        1
   b - Confuse                        Hexes                        3
   c - Gell's Gravitas                Translocation                3
   d - Petrify                        Transmutation/Earth          4
   e - Metabolic Englaciation         Hexes/Ice                    5
   f - Yara's Violent Unravelling     Hexes/Transmutation          5
 p - a book of Air

   Spells                             Type                      Level
   a - Shock                          Conjuration/Air              1
   b - Swiftness                      Charms/Air                   2
   c - Static Discharge               Conjuration/Air              3
   d - Airstrike                      Air                          4
   e - Lightning Bolt                 Conjuration/Air              5
Comestibles
 a - 13 rations


   Skills:
 * Level 6.8 Fighting
 * Level 6.8 Dodging
 + Level 8.2 Stealth
 * Level 9.0 Unarmed Combat
 - Level 1.1 Spellcasting
 - Level 1.5 Hexes
 * Level 4.9 Invocations
 - Level 0.5 Evocations


You had 10 spell levels left.
You knew the following spells:

 Your Spells              Type           Power        Failure   Level  Hunger
a - Confusing Touch       Hex            #.....       9%          1    ##.....


Dungeon Overview and Level Annotations

Branches:
Dungeon (8/15)             Temple (1/1) D:6
   Lair: D:8-11

Altars:
Cheibriados
Gozag
Kikubaaqudgha
Makhleb
Okawaru
Vehumet
Xom
Yredelemnul
Zin
The Shining One


Innate Abilities, Weirdness & Mutations

You cannot wear most types of armour.
You are very stealthy in the water. (Stealth+)
You are amphibious.
You can wear up to eight rings at the same time.
You can use your tentacles to constrict eight enemies at once.
Your skin changes colour to match your surroundings (Stealth+).
Your rubbery body absorbs attacks. (AC +1, EV +1)


Message History

d - a murky puce potion You see here an orc corpse.
You closely miss the bullfrog. You grab the bullfrog.
You constrict the bullfrog. The bullfrog misses you.
You bludgeon the bullfrog!
You kill the bullfrog!
Cheibriados thoroughly appreciates the change of pace.
You start resting.
A worker ant is nearby!
You closely miss the worker ant. You grab the worker ant.
You squeeze the worker ant.
The worker ant is moderately wounded.
You constrict the worker ant. The worker ant barely misses you.
You bludgeon the worker ant!
You kill the worker ant!
Cheibriados appreciates the change of pace.
You start resting.
The orc wizard gestures at you while chanting.
The magic dart hits you!
You die...

### ...## .... #..##
........ ... ...
........ #.# #.##
.....#.###.# ###@.#
...).......# #.†..#
##.........# #†##.##
...........#+#))...#
#..........$..##..#
#.............# ..#
#.............# ....
#.........o...#
..#..
#................ .


You could see an orc wizard.

Vanquished Creatures
  2 hippogriffs
  Eustachio (D:5)
  A hog (D:8)
  A wyvern (D:8)
  3 yaks (D:8)
  A human (D:8)
  A water moccasin (D:7)
  An ice beast (D:5)
  3 sky beasts
  3 ogres
  A phantom (D:4)
  A centaur (D:6)
  7 bullfrogs
  3 scorpions
  2 howler monkeys
  3 crimson imps
  3 hounds
  6 orc wizards
  2 orc priests (D:8)
  A jelly (D:7)
  Terence (D:2)
  3 worker ants
  Robin (D:2)
  9 gnolls
  6 adders
  4 shadow imps
  3 oozes
  An adder skeleton (D:3)
  2 worms (D:3)
  4 dart slugs
  5 leopard geckos
  36 orcs
  A ball python (D:5)
  5 bats
  4 giant cockroaches
  22 goblins
  11 hobgoblins
  8 jackals
  5 frilled lizards
  A jackal skeleton (D:4)
  16 kobolds
  A leopard gecko skeleton (D:5)
  A quokka zombie (D:5)
  9 rats
  A bush (D:1)
206 creatures vanquished.

Vanquished Creatures (others)
  A plant (D:1)
1 creature vanquished.

Grand Total: 207 creatures vanquished

Notes
Turn   | Place    | Note
-------+----------+-------------------------------------------
     0 | D:1      | catbreads the Octopode Monk began the quest for the Orb.
     0 | D:1      | Reached XP level 1. HP: 16/16 MP: 1/1
    95 | D:1      | Reached XP level 2. HP: 15/21 MP: 2/2
   656 | D:1      | Reached XP level 3. HP: 19/26 MP: 3/3
  1521 | D:2      | Noticed Terence
  1580 | D:2      | Reached XP level 4. HP: 31/31 MP: 4/4
  1620 | D:2      | Killed Terence
  1620 | D:2      | Reached skill level 4 in Unarmed Combat
  1683 | D:2      | Noticed Robin
  1710 | D:2      | Killed Robin
  1710 | D:2      | Reached XP level 5. HP: 17/36 MP: 5/5
  2596 | D:3      | Found an iron altar of Okawaru.
  2750 | D:3      | Learned a level 1 spell: Confusing Touch
  2958 | D:4      | Reached skill level 5 in Unarmed Combat
  2993 | D:4      | Reached XP level 6. HP: 43/43 MP: 6/6
  3300 | D:4      | Noticed a phantom
  3332 | D:4      | Killed a phantom
  3414 | D:4      | Reached XP level 7. HP: 47/48 MP: 7/7
  3809 | D:5      | Entered Level 5 of the Dungeon
  3995 | D:5      | Reached skill level 1 in Hexes
  4000 | D:5      | Reached skill level 6 in Unarmed Combat
  4584 | D:5      | Reached skill level 5 in Stealth
  5162 | D:5      | Reached skill level 1 in Spellcasting
  5181 | D:5      | Noticed Eustachio
  5186 | D:5      | Killed Eustachio
  5186 | D:5      | Reached XP level 8. HP: 50/54 MP: 7/9
  5221 | D:5      | Reached skill level 7 in Unarmed Combat
  6338 | D:6      | Found a staircase to the Ecumenical Temple.
  6347 | Temple   | Entered the Ecumenical Temple
  6362 | Temple   | Became a worshipper of Cheibriados the Contemplative
  6362 | Temple   | Reached * piety under Cheibriados
  6362 | Temple   | Reached ** piety under Cheibriados
  6548 | D:6      | Reached skill level 5 in Dodging
  6620 | D:6      | Found a radiant altar of Vehumet.
  6727 | D:7      | Found an opulent altar of Gozag.
  6729 | D:7      | Reached skill level 5 in Fighting
  6729 | D:7      | Reached skill level 1 in Invocations
  6741 | D:7      | Reached skill level 8 in Unarmed Combat
  6741 | D:7      | Reached XP level 9. HP: 31/61 MP: 7/10
  8506 | D:8      | Reached *** piety under Cheibriados
  8510 | D:8      | Reached XP level 10. HP: 58/69 MP: 13/13
  8678 | D:8      | Reached skill level 9 in Unarmed Combat
  8800 | D:8      | HP: 1/69 [orc priest/nerve-wracking pain (5)]
  8822 | D:8      | Killed from afar by an orc wizard

Skill      XL: |  1  2  3  4  5  6  7  8  9 10 |
---------------+-------------------------------+-----
Stealth        | 3 4 5 6 7 8 |  8.2
Unarmed Combat | 4 5 6 8 9 |  9.0
Dodging        | 4 5 6 |  6.8
Fighting       | 4 5 6 |  6.8
Hexes          | 1 |  1.5
Spellcasting   | 1 |  1.1
Invocations    | 1 4 |  4.9
Evocations     | |  0.5

Action                   |  1- 3 |  4- 6 |  7- 9 | 10-12 || total
-------------------------+-------+-------+-------+-------++-------
Melee: Unarmed           |   208 |   136 |   233 |    24 ||   601
       Constrict         |    26 |    32 |    43 |     8 ||   109
       Tentacles         |    47 |    17 |    46 |    12 ||   122
       Punch             |     6 |     5 |    13 |     4 ||    28
 Cast: Confusing Touch   |       |     6 |    14 |     1 ||    21
Invok: Temporal Distorti |       |       |       |     1 ||     1
Evoke: Wand              |       |       |     6 |     3 ||     9
  Use: Scroll            |       |     5 |     7 |       ||    12
       Potion            |       |       |     6 |     1 ||     7
 Stab: Sleeping          |     9 |     5 |    14 |       ||    28
       Confused          |       |     2 |     7 |       ||     9
       Paralysed         |       |       |     9 |       ||     9
       Distracted        |       |       |     1 |       ||     1
  Eat: Chunk             |     2 |     6 |    10 |       ||    18
       Ration            |       |       |     1 |       ||     1
Armor: Skin              |    13 |     8 |     7 |     1 ||    29
Dodge: Dodged            |    54 |    98 |   107 |    21 ||   280
